Unix NetHack Version 5.0.0-0 post-release - last build Jun 10 2026 00:39:30 (3ee93aec679c4c4259841fe613dc97188e26a321,branch:main).

Game began 2026-06-20 00:06:04, ended 2026-06-20 14:14:51.

IanCurtis, chaotic male elven Wizard

            ------------
            |..........|
            |..........|                               ----------------
            |..........|                               |............(.|
            |..........|                #              ...............|
         $ #..*........| *###############--------      |..............|
         ###|....>{.....##   -:----     #-..<....#####)...............|
        * ##---|--------#    -.@..|     #|......|      ----------|-----
 ------  ##    #         *  #|G...|      |....*.|                #
 |.....  #     ##         ###|..f.|    # -.------                #
 |....-###      ##        ##*......#####  ####################   #
 |....|          ######   #  |....|                        --.---|--
 ------            ---.-  #  ------                        |.......|
                   |...|###                                |.......|
                   |....#                                  |.......|
                   |...|                                   --+------
                   |...|
                   -----

IanCurtis the Conjurer    St:9 Dx:15 Co:15 In:20 Wi:10 Ch:13  Chaotic
Dlvl:5  $:135 HP:0(24) Pw:25(25) AC:9  Xp:3 T:1687  Weak    

Latest messages:
 You are carrying too much to get through.
 You are carrying too much to get through.
 That door is closed.
 The door opens.
 You see here an unlabeled scroll.
 H - an unlabeled scroll.
 You feel strong!
 You must have been exercising diligently.
 You feel wise!
 You must have been very observant.
 You stop.  Your kitten is in the way!
 You swap places with your kitten.
 You see here a rock.
 The door resists!
 The door resists!
 The door resists!
 The door opens.
 You see here 9 rocks.
 The kitten drops a rock.
 You are beginning to feel hungry.
 You swap places with your kitten.
 You hear a door open.
 In what direction? k
 The spell hits the goblin!
 You kill the goblin!
 You see here a jeweled wand.
 I - a jeweled wand.
 You hit the floating eye.
 In what direction? y
 The spell misses the floating eye.
 You hit the floating eye.
 You are frozen by the floating eye's gaze!
 The kitten bites the floating eye.
 The floating eye is killed!
 The gnome lady picks up a rock.
 The kitten bites the gnome lady.
 The gnome lady hits the kitten.
 The gnome lady hits!
 The gnome lady hits!
 The gnome lady hits!
 The gecko bites!
 The gecko bites!
 The gecko bites!
 The gnome lady hits!
 Wizard needs food, badly!
 The gecko bites!
 The gnome lady hits!
 The gecko bites!
 You die...
 Do you want your possessions identified? [ynq] (y) q

Inventory:
 Coins    ('$')
  $ - 135 gold pieces
 Amulets  ('"')
  E - an uncursed amulet of flying
 Weapons  (')')
  a - a blessed +1 quarterstaff (weapon in hands)
 Armor    ('[')
  b - an uncursed +0 cloak of magic resistance (being worn)
 Comestibles  ('%')
  r - 3 uncursed food rations
  w - an uncursed lichen corpse
 Scrolls  ('?')
  j - an uncursed scroll of blank paper
  H - a cursed scroll of blank paper
  t - an uncursed scroll of charging
  x - an uncursed scroll of enchant weapon
  A - 2 uncursed scrolls of food detection
  i - a blessed scroll of identify
  s - an uncursed scroll of identify
 Spellbooks  ('+')
  m - an uncursed spellbook of cure sickness
  l - a blessed spellbook of force bolt
  G - an uncursed spellbook of light
  y - an uncursed spellbook of magic missile
 Potions  ('!')
  q - 3 uncursed potions of healing
  z - a cursed potion of healing
  B - an uncursed potion of paralysis
  C - a cursed potion of paralysis
  g - an uncursed potion of water
  h - an uncursed potion of water
 Rings    ('=')
  u - a cursed ring of hunger named cursed
  d - an uncursed ring of sustain ability
  D - an uncursed ring of teleport control
  e - an uncursed ring of warning
 Wands    ('/')
  v - a wand of digging (0:5)
  f - a blessed wand of fire (0:4)
  c - a wand of make invisible (0:5)
  I - a wand of stasis (0:6)
 Tools    ('(')
  o - an uncursed leather drum
  k - an uncursed lock pick
  n - a magic marker (0:19)
  F - an uncursed oil lamp

IanCurtis the Wizard's attributes:

Background:
 You were a Conjurer, a level 3 male elven Wizard.
 You were chaotic, nominally on a mission for Anhur
 who was opposed by Ptah (lawful) and Thoth (neutral).
 You were right-handed.
 You were in the Dungeons of Doom, on level 5.
 You entered the dungeon 1687 turns ago.
 You had 73 experience points, 7 more were needed to attain level 4.

Basics:
 You had 0 out of 24 hit points.
 You had all 25 energy points (spell power).
 Your armor class was 9.
 Your wallet contained 135 zorkmids.
 Autopickup was off.

Final Characteristics:
 Your strength was 9 (base:10, limit:18).
 Your dexterity was 15 (limit:18).
 Your constitution was 15 (limit:16).
 Your intelligence was 20 (limit:20).
 Your wisdom was 10 (limit:20).
 Your charisma was 13 (limit:18).

Final Status:
 You were weak from severe hunger.
 You were unencumbered.
 You were wielding a quarterstaff.
 You had basic skill with quarterstaff.

Final Attributes:
 You were devoutly aligned.
 You were magic-protected.
 You had infravision.
 You were warded.
 You are dead.

Miscellaneous:
 You didn't encounter any bones levels.
 Total elapsed playing time was 43 minutes and 23 seconds.

Major events:
 Turn
    1: IanCurtis the chaotic male elven Wizard entered the dungeon
 1108: attained the rank of Conjurer (level 3)
 1687: killed by a gecko, while frozen by a floating eye's gaze

Spells:
 Name                 Level Category     Fail Retention
 force bolt             1   attack         0%  91%-100%
 cure sickness          3   healing       63%  76%-100%
 magic missile          2   attack         0%  91%-100%
 light                  1   divination     0%  76%-100%

Skills:
 Fighting Skills
   bare handed combat [Unskilled]
   riding             [Unskilled]
 Weapon Skills
   dagger             [Unskilled]
   knife              [Unskilled]
   axe                [Unskilled]
   short sword        [Unskilled]
   club               [Unskilled]
   mace               [Unskilled]
   quarterstaff       [Basic]
   polearms           [Unskilled]
   spear              [Unskilled]
   trident            [Unskilled]
   sling              [Unskilled]
   dart               [Unskilled]
   shuriken           [Unskilled]
 Spellcasting Skills
   attack spells      [Basic]
   healing spells     [Unskilled]
   divination spells  [Unskilled]
   enchantment spells [Basic]
   clerical spells    [Unskilled]
   escape spells      [Unskilled]
   matter spells      [Unskilled]

Voluntary challenges:
 Character rerolling was not enabled.
 You were an atheist.
 You never genocided any monsters.
 You never polymorphed an object.
 You never changed form.
 You used no wishes.
Achievements:
 You entered a shop.
 You attained the rank of Conjurer.

 The Dungeons of Doom: levels 1 to 5
    Level 1: "vault"
    Level 2:
       A fountain.
    Level 3:
       A general store.
    Level 4:
       Some fountains, a sink.
    Level 5: <- You were here.
       A fountain.
       Final resting place for
          you, killed by a gecko, while frozen by a floating eye's gaze.


Vanquished creatures:
  a rock mole
  a floating eye
  a hill orc
 an iguana
  a hobbit
  a large kobold
  2 brown molds
  a gnome zombie
  8 jackals
  a fox
  a kobold
  2 goblins
  2 grid bugs
  a bat
  3 lichens
  a kobold zombie
  7 newts
35 creatures vanquished.

No species were genocided or became extinct.

Game over:
                       ----------
                      /          \
                     /    REST    \
                    /      IN      \
                   /     PEACE      \
                  /                  \
                  |    IanCurtis     |
                  |      135 Au      |
                  |   killed by a    |
                  |      gecko       |
                  |                  |
                  |                  |
                  |       2026       |
                 *|     *  *  *      | *
        _________)/\\_//(\/(/\)/\//\/|_)_______

Goodbye IanCurtis the Wizard...

You died in The Dungeons of Doom on dungeon level 5 with 624 points,
and 135 pieces of gold, after 1687 moves.
You were level 3 with a maximum of 24 hit points when you died.

